Map: Honorgrounds LE

Players

YngFuture (Future) - Winner!

  • Race: Terran Terran
  • League: Grandmaster
  • Spawn Location: 5:00

Railgan

  • Race: Zerg Zerg
  • League: Grandmaster
  • Spawn Location: 1:00

VOD

Have the link to the VOD?

Description

Time

  • Played on: March 3, 2017, 4:25 p.m.
  • Length: 13:59
Show
View Real Time Build Order
Export as new Build Order

YngFuture Terran - Winner!

Build Orders: Bio Tank 

Get SALT Encoding   

  12  0:00  SCV  
  13  0:13  SCV  
  14  0:18  Supply Depot  
  14  0:25  SCV  
  15  0:29  Refinery  
  15  0:39  SCV  
  16  0:45  Barracks  
  16  0:52  SCV  
  17  1:04  SCV  
  18  1:07  Barracks  
  18  1:16  SCV  
  19  1:29  Barracks  
  20  1:32  Reaper  
  20  1:39  Orbital Command  
  20  1:54  Refinery  
  20  1:56  Supply Depot  
  20  1:57  Reaper  
  21  2:04  Reaper  
  21  2:06  SCV  
  23  2:18  SCV  
  23  2:20  Reaper  
  25  2:28  Supply Depot  
  25  2:29  Reaper  
  26  2:30  SCV  
  26  2:37  Reaper  
  28  2:42  SCV  
  29  2:52  Reaper  
  29  2:54  SCV  
  31  3:01  Reaper  
  32  3:09  Reaper  
  33  3:20  Command Center  
  33  3:21  Supply Depot  
  33  3:24  Reaper  
  34  3:31  SCV  
  34  3:33  Reaper  
  36  3:41  Reaper  
  37  3:44  SCV  
  38  3:56  Reaper, SCV  
  37  4:05  Reaper  
  37  4:08  SCV  
  38  4:13  Reaper  
  39  4:20  SCV  
  39  4:23  Command Center  
  40  4:28  Reaper  
  41  4:34  SCV  
  41  4:37  Factory  
  42  4:44  Barracks Reactor  
  43  4:46  Orbital Command  
  42  4:52  Barracks Tech Lab  
  42  4:53  SCV  
  43  5:03  Barracks Tech Lab  
  43  5:05  SCV  
  43  5:13  SCV  
  43  5:17  SCV  
  43  5:18  Reaper  
  43  5:23  Marine x3  
  43  5:27  Concussive Shells  
  46  5:29  Factory Tech Lab, SCV  
  46  5:32  SCV  
  48  5:40  Orbital Command  
  48  5:41  Marine, SCV  
  50  5:44  SCV  
  50  5:48  Marine  
  52  5:53  Starport, SCV  
  53  5:57  SCV  
  54  6:07  SCV  
  54  6:11  Stimpack  
  53  6:12  Marine x3  
  53  6:14  SCV  
  53  6:15  SCV  
  53  6:17  Refinery x2  
  55  6:19  Engineering Bay x2  
  55  6:20  Siege Tank  
  55  6:22  SCV  
  55  6:24  Marine  
  60  6:26  SCV  
  60  6:29  Marine, Orbital Command  
  60  6:30  Marine x2  
  60  6:31  Starport Reactor  
  65  6:36  SCV  
  65  6:39  SCV  
  66  6:40  Supply Depot  
  66  6:41  Marine, Supply Depot  
  67  6:48  Terran Infantry Armor Level 1, Terran Infantry Weapons Level 1, SCV  
  67  6:53  SCV  
  69  6:54  SCV  
  69  6:55  Marine x2  
  69  7:00  SCV  
  73  7:02  Marine  
  73  7:03  Supply Depot  
  73  7:06  SCV x2  
  73  7:07  Siege Tank  
  79  7:12  SCV  
  79  7:14  Marine x2  
  82  7:19  Marine  
  82  7:20  Marine, SCV  
  83  7:22  SCV  
  83  7:24  SCV  
  83  7:26  Medivac x2  
  83  7:29  Combat Shields  
  87  7:32  Marine, Supply Depot, SCV  
  89  7:37  SCV  
  89  7:38  SCV  
  89  7:42  Supply Depot x2  
  91  7:44  SCV  
  91  7:46  Siege Tank  
  95  7:51  SCV  
  95  7:52  Refinery  
  95  7:53  SCV  
  95  7:54  Refinery  
  95  7:55  Supply Depot  
  95  7:56  SCV  
  98  8:00  Medivac  
  98  8:01  Medivac  
  98  8:03  SCV  
  98  8:05  Marine  
  104  8:07  Armory  
  104  8:09  Marine  
  104  8:10  Marauder x2  
  109  8:14  SCV  
  109  8:15  SCV  
  109  8:16  SCV  
  111  8:22  Marine  
  111  8:25  Siege Tank  
  111  8:27  Marine  
  115  8:31  Marine  
  117  8:34  Barracks  
  117  8:35  Barracks  
  117  8:37  Barracks  
  117  8:38  Barracks  
  117  8:40  Supply Depot  
  117  8:41  Supply Depot  
  117  8:43  Marine x2  
  117  8:44  Marine, Supply Depot  
  120  8:50  Marine  
  117  9:00  Siege Tank  
  117  9:01  Marine x2, Medivac  
  114  9:11  Marine  
  114  9:12  Marauder  
  114  9:14  Medivac  
  113  9:18  Marine  
  113  9:19  Marauder  
  111  9:24  Barracks Reactor  
  111  9:25  Barracks Reactor x2  
  111  9:29  Marine  
  108  9:32  Marine, Siege Tank, Command Center  
  108  9:36  Marine  
  114  9:40  Marine, Terran Infantry Weapons Level 2  
  114  9:41  Terran Infantry Armor Level 2  
  114  9:42  Terran Vehicle Weapons Level 1  
  114  9:46  Missile Turret  
  114  9:47  Marine  
  114  9:48  Medivac  
  114  9:50  Marine  
  118  9:54  Marine  
  118  9:56  Medivac  
  118  9:59  Marauder  
  123  10:00  Marine x2  
  123  10:04  Marine, Supply Depot  
  126  10:09  Marine x3, Marauder  
  126  10:10  Marine  
  132  10:20  Marine, Marauder  
  135  10:21  Marine  
  135  10:22  Marine x2  
  135  10:23  Siege Tank  
  135  10:27  Marine  
  141  10:29  Marine x3  
  141  10:30  Marauder  
  141  10:34  Supply Depot  
  146  10:36  Supply Depot  
  146  10:39  Marine  
  146  10:41  Marine, Marauder  
  146  10:42  Marine  
  151  10:44  Medivac  
  153  10:51  Marauder  
  153  10:53  Marine  
  153  10:58  Siege Tank  
  153  11:01  Marine x6  
  162  11:08  Marine  
  162  11:09  Marauder  
  162  11:11  Marine  
  158  11:12  Marine  
  160  11:23  Marine x4  
  163  11:30  Marine, Siege Tank  
  163  11:31  Marauder x2  
  163  11:32  Barracks Reactor  
  149  11:33  Marine  
  149  11:34  Barracks  
  149  11:38  Marine  
  149  11:39  Terran Vehicle Weapons Level 2  
  131  11:46  Marine x3  
  125  11:47  Marine, Factory  
  125  11:48  Medivac x2  
  125  11:51  Marine x2  
  125  11:52  Marine  
  133  11:59  Planetary Fortress  
  133  12:00  SCV x2  
  135  12:07  Sensor Tower  
  135  12:09  Marine  
  135  12:10  Sensor Tower  
  135  12:12  Missile Turret  
  135  12:13  Missile Turret, Marauder  
  138  12:17  Siege Tank  
  138  12:21  Marine  
  133  12:23  Barracks Reactor  
  133  12:28  Marine x6  
  139  12:30  Factory Tech Lab  
  139  12:40  Marine  
  139  12:43  Marine x2  
  142  12:47  Medivac x2  
  142  12:49  Siege Tank, Marine  
  150  12:52  Supply Depot  
  150  12:54  Marine x3  
  153  13:02  Marine x4  
  153  13:03  Marauder  
  158  13:10  Siege Tank  
  158  13:11  Marine x3  
  158  13:12  Marauder  
  159  13:17  Medivac  
  159  13:19  Marine x2  
  163  13:20  Marine x2  
  163  13:21  Siege Tank  
  163  13:23  Marine  
  163  13:24  Marauder  
  171  13:29  Marine  
  171  13:33  Marauder  
  168  13:37  Marine x2  
Show
View Real Time Build Order
Export as new Build Order

Railgan Zerg 

Build Orders: Hatch First 

Get SALT Encoding   

  12  0:01  Drone  
  13  0:12  Overlord  
  13  0:18  Drone  
  14  0:31  Drone x2  
  14  0:34  Drone  
  17  0:57  Hatchery  
  17  0:59  Drone  
  17  1:01  Drone  
  18  1:14  Extractor  
  18  1:16  Spawning Pool  
  16  1:20  Drone  
  16  1:22  Drone  
  18  1:29  Drone  
  19  1:38  Overlord  
  19  1:54  Drone  
  20  2:01  Drone  
  20  2:03  Queen  
  23  2:09  Zergling x2  
  23  2:10  Queen  
  23  2:11  Drone  
  27  2:20  Drone  
  27  2:22  Drone  
  29  2:23  Metabolic Boost  
  29  2:32  Drone x2  
  31  2:42  Queen  
  33  2:45  Queen  
  33  2:48  Overlord  
  35  2:55  Drone  
  36  3:01  Evolution Chamber  
  36  3:02  Zergling x2  
  35  3:06  Roach Warren, Zergling x2  
  35  3:07  Zergling x2  
  36  3:14  Zergling x2  
  36  3:15  Zergling x4  
  39  3:21  Queen  
  41  3:30  Zergling x2  
  41  3:31  Zergling x4  
  43  3:48  Zerg Ground Armor Level 1  
  41  3:59  Drone  
  41  4:00  Drone x3  
  44  4:04  Overlord  
  42  4:14  Drone  
  42  4:15  Drone x2  
  41  4:24  Overlord  
  41  4:25  Zergling x2  
  40  4:32  Roach x2  
  40  4:33  Roach  
  45  4:39  Zergling x2  
  45  4:40  Zergling x4  
  48  4:46  Zergling x2  
  47  4:52  Zergling x2  
  47  4:53  Zergling x2  
  48  5:00  Roach x3  
  48  5:06  Roach  
  55  5:09  Drone  
  51  5:14  Zergling x2  
  51  5:19  Roach  
  51  5:20  Zergling x2  
  51  5:27  Drone x2  
  51  5:28  Drone  
  51  5:29  Drone  
  51  5:32  Extractor  
  50  5:39  Roach  
  50  5:40  Roach  
  51  5:48  Extractor  
  51  5:49  Roach  
  52  5:57  Roach  
  52  6:00  Drone x5  
  52  6:01  Drone  
  59  6:09  Drone x2  
  59  6:17  Drone  
  59  6:18  Drone  
  59  6:22  Extractor  
  59  6:23  Drone  
  59  6:27  Zerg Missile Weapons Level 1, Overlord  
  59  6:28  Drone  
  59  6:29  Overlord x2  
  60  6:35  Overlord  
  60  6:37  Overlord  
  60  6:40  Hatchery, Overlord  
  60  6:41  Lair  
  60  6:45  Drone  
  61  6:47  Drone  
  61  6:48  Drone  
  62  6:56  Drone x3  
  62  6:57  Drone  
  66  7:03  Roach  
  66  7:04  Roach x3  
  72  7:17  Drone  
  72  7:18  Drone  
  72  7:23  Roach  
  72  7:24  Roach  
  72  7:28  Roach x2  
  72  7:29  Roach  
  82  7:31  Roach x2  
  82  7:32  Zergling x2  
  82  7:35  Overlord  
  82  7:36  Drone  
  88  7:38  Evolution Chamber  
  88  7:42  Glial Reconstitution  
  87  7:49  Drone  
  87  7:50  Hydralisk Den  
  87  7:54  Overseer  
  87  7:56  Drone  
  87  7:57  Drone x4  
  92  7:59  Drone x2  
  94  8:07  Drone x3  
  97  8:16  Drone  
  97  8:17  Drone x2  
  100  8:20  Muscular Augments  
  100  8:21  Zerg Ground Armor Level 2  
  100  8:28  Overlord  
  100  8:33  Zerg Missile Weapons Level 2, Overlord  
  100  8:34  Roach  
  100  8:40  Overlord, Roach x2  
  106  8:43  Extractor x2  
  106  8:44  Ravager  
  106  8:46  Roach x2  
  109  8:50  Ravager  
  109  8:52  Drone x4  
  113  9:02  Roach x4  
  117  9:08  Roach x3  
  117  9:09  Zergling x2  
  110  9:12  Roach  
  94  9:22  Roach x5  
  99  9:26  Roach  
  99  9:28  Roach  
  101  9:38  Drone  
  101  9:39  Drone x2  
  101  9:45  Hydralisk x3  
  106  9:51  Lurker Den  
  106  9:52  Hydralisk  
  112  9:53  Hatchery  
  112  9:54  Ravager  
  112  9:56  Ravager  
  113  10:02  Overlord  
  113  10:10  Hydralisk x2, Overlord  
  113  10:11  Hydralisk  
  113  10:12  Zergling x2  
  113  10:13  Pneumatized Carapace  
  120  10:32  Hydralisk x2  
  120  10:33  Hydralisk  
  126  10:38  Roach  
  126  10:39  Roach x4  
  135  10:59  Hydralisk x8, Spore Crawler  
  135  11:00  Spore Crawler  
  151  11:13  Spine Crawler  
  151  11:14  Hydralisk  
  151  11:15  Overlord x2  
  151  11:17  Overlord  
  154  11:20  Overlord  
  154  11:22  Overlord  
  154  11:31  Hydralisk x5  
  154  11:32  Hydralisk x2  
  115  11:40  Hydralisk  
  112  11:50  Lurker x3  
  115  11:59  Overlord x4  
  115  12:03  Hydralisk Den, Drone  
  115  12:12  Drone  
  115  12:14  Hatchery  
  114  12:21  Drone x3  
  114  12:22  Drone x4  
  114  12:23  Drone x3  
  114  12:27  Roach x2  
  114  12:28  Roach  
  123  12:36  Hydralisk  
  123  12:37  Hydralisk x2  
  129  12:54  Hydralisk  
  129  12:55  Hydralisk  
  129  12:57  Hatchery  
  110  13:12  Hydralisk  
  110  13:18  Hydralisk x4  
  118  13:29  Hydralisk x5  
  118  13:32  Hydralisk  
Tags
 
Composition
Bio Tank
Matchup
TvZ
Player
Future
Replay Pack
Railgan Replays
Spawn Locations
Close Positions
Add a new tag
Caveats
  • Supply blocks, unpowered buildings, or Contaminate may cause inaccurate times.
  • Supply counts are checked every 10 seconds.